[Event "ICC tourney 2516 (60 10)"]
[Site "Internet Chess Club"]
[Date "2021.04.17"]
[Round "1"]
[White "Gaw, Zachary:zman-g"]
[Black "XIE, KEVIN:kevinxps10"]
[Result "0-1"]
[ICCResult "White checkmated"]
[WhiteElo "727"]
[BlackElo "1081"]
[Opening "Four knights: Italian variation"]
[ECO "C55"]
[NIC "IG.01"]
[Time "10:01:51"]
[PlyCount "46"]
[TimeControl "3600+10"]

1. e4 e5 2. Nf3 Nc6 3. Bc4 Nf6 4. Nc3 Nxe4 5. Nxe4 d5 6. Bxd5 Qxd5 7. Nc3
Qa5 8. O-O Bg4 9. h3 Bh5 10. d3 Nd4 11. Re1 Bxf3 12. gxf3 Bd6 13. f4 O-O
14. fxe5 Bxe5 15. Qh5 Bh2+ 16. Kxh2 Qxh5 17. Bf4 Nf3+ 18. Kg2 Nh4+ 19. Kf1
Qf3 20. Bg3 Nf5 21. Bxc7 Rac8 22. Ba5 Ng3+ 23. Kg1 Qh1# { White checkmated
} 0-1

[Event "ICC tourney 2516 (60 10)"]
[Site "Internet Chess Club"]
[Date "2021.04.17"]
[Round "1"]
[White "SINGH, JIYAN:mithu542"]
[Black "YUEN, DAISY:littleknightie"]
[Result "0-1"]
[ICCResult "White checkmated"]
[WhiteElo "575"]
[BlackElo "990"]
[Opening "Giuoco Piano: Greco variation"]
[ECO "C54"]
[NIC "IG.02"]
[Time "10:01:56"]
[PlyCount "60"]
[TimeControl "3600+10"]

1. e4 e5 2. Nf3 Nc6 3. Bc4 Bc5 4. c3 Nf6 5. d4 exd4 6. cxd4 Bb4+ 7. Nc3
Nxe4 8. O-O Nxc3 9. Re1+ Ne7 10. Qb3 O-O 11. Qxb4 Ncd5 12. Qd2 d6 13. Qd3
Nb4 14. Qb3 Nbc6 15. d5 Na5 16. Qc3 Nxc4 17. Qxc4 Nf5 18. Bf4 Bd7 19. Re2
Rc8 20. Rae1 h6 21. Re4 Qf6 22. Qc3 Qg6 23. a4 Rce8 24. Rxe8 Rxe8 25. Rxe8+
Bxe8 26. Qxc7 Bxa4 27. Qxb7 Kh7 28. Qxa7 Nh4 29. Nxh4 Qb1+ 30. Bc1 Qxc1# {
White checkmated } 0-1

[Event "ICC tourney 2516 (60 10)"]
[Site "Internet Chess Club"]
[Date "2021.04.17"]
[Round "1"]
[White "Lee, Jesse:rubblepup"]
[Black "AMBA, ADVAITH:advichess"]
[Result "0-1"]
[ICCResult "White checkmated"]
[WhiteElo "1241"]
[BlackElo "859"]
[Opening "Hungarian defense"]
[ECO "C50"]
[NIC "IG.03"]
[Time "10:01:49"]
[PlyCount "88"]
[TimeControl "3600+10"]

1. e4 e5 2. Nf3 Nc6 3. Bc4 Be7 4. Nc3 Nf6 5. O-O O-O 6. d3 d6 7. Be3 Bg4 8.
h3 Bh5 9. Re1 Qd7 10. Qe2 a6 11. Rad1 Nd4 12. Bxd4 exd4 13. Nd5 b5 14.
Nxf6+ Bxf6 15. Bd5 c6 16. Bb3 a5 17. Rc1 a4 18. Bxf7+ Bxf7 19. a3 c5 20. e5
dxe5 21. Nxe5 Bxe5 22. Qxe5 Rfe8 23. Qxc5 Rxe1+ 24. Rxe1 Rc8 25. Qe5 Rxc2
26. Re4 Qc7 27. Qxc7 Rxc7 28. Rxd4 Re7 29. Kf1 Bg6 30. Rd5 h6 31. d4 Bd3+
32. Kg1 Re1+ 33. Kh2 Re2 34. f3 Rxb2 35. Rd8+ Kh7 36. d5 Bf1 37. d6 Rxg2+
38. Kh1 Rd2 39. d7 Bxh3 40. Rb8 Bxd7 41. Rd8 b4 42. axb4 a3 43. b5 a2 44.
b6 a1=Q# { White checkmated } 0-1

[Event "ICC tourney 2516 (60 10)"]
[Site "Internet Chess Club"]
[Date "2021.04.17"]
[Round "1"]
[White "PATHANGE, CIAN:Finemerryjuice"]
[Black "Gaw, Christian:cman-g"]
[Result "1-0"]
[ICCResult "Black checkmated"]
[WhiteElo "1125"]
[BlackElo "738"]
[Opening "Queen's pawn, Mason variation"]
[ECO "D00"]
[NIC "QP.08"]
[Time "10:02:03"]
[PlyCount "81"]
[TimeControl "3600+10"]

1. d4 d5 2. Bf4 e6 3. e3 Nf6 4. Bd3 Bd6 5. Bg3 O-O 6. Nf3 Nbd7 7. c3 Re8 8.
Qc2 Nf8 9. Nbd2 Ng6 10. Ne5 Bxe5 11. dxe5 Nd7 12. Bxg6 fxg6 13. O-O Rf8 14.
Nf3 Nb6 15. Bh4 Qd7 16. Rfd1 Qb5 17. Nd4 Qa6 18. Be7 Re8 19. Bc5 Bd7 20.
Bxb6 Qxb6 21. a4 Rf8 22. b4 c6 23. e4 dxe4 24. Qxe4 Rf7 25. Nf3 Raf8 26. a5
Qc7 27. Rd6 c5 28. Qc4 Rc8 29. Ng5 Rf5 30. Nxe6 Bxe6 31. Qxe6+ Rf7 32. b5
Kf8 33. b6 axb6 34. axb6 Qb8 35. Re1 Re8 36. Qd5 Qc8 37. e6 Rf5 38. e7+
Rxe7 39. Rd8+ Qxd8 40. Qxd8+ Re8 41. Qxe8# { Black checkmated } 1-0

[Event "ICC tourney 2516 (60 10)"]
[Site "Internet Chess Club"]
[Date "2021.04.17"]
[Round "1"]
[White "PANG, OWEN J:C31chessP"]
[Black "FISCHBEIN, LUCA DAVID:lucachesschess"]
[Result "0-1"]
[ICCResult "White checkmated"]
[WhiteElo "887"]
[BlackElo "1409"]
[Opening "Scotch: Schmidt variation"]
[ECO "C45"]
[NIC "SO.04"]
[Time "10:01:53"]
[PlyCount "102"]
[TimeControl "3600+10"]

1. e4 e5 2. Nf3 Nc6 3. d4 exd4 4. Nxd4 Nf6 5. Nxc6 dxc6 6. Qxd8+ Kxd8 7.
Nc3 Bb4 8. Bd3 Be6 9. O-O Ke7 10. Bd2 Bc5 11. h3 Rad8 12. Bg5 h6 13. Bh4 g5
14. Bg3 Rd7 15. Bh2 Nh5 16. Be2 Nf4 17. Bxf4 gxf4 18. Rfd1 Rg8 19. Rxd7+
Bxd7 20. Bf3 Bxh3 21. Ne2 Bxg2 22. Bxg2 f3 23. Nf4 fxg2 24. Nxg2 Rd8 25.
Kf1 Rd2 26. Ne3 Bxe3 27. fxe3 Rxc2 28. Rb1 Ke6 29. Ke1 Ke5 30. Kd1 Rg2 31.
Ke1 Kxe4 32. Kf1 Rc2 33. Ke1 Kxe3 34. Kd1 Rh2 35. Rc1 Rh1+ 36. Kc2 Rxc1+
37. Kxc1 Ke2 38. Kc2 h5 39. Kc3 h4 40. Kd4 h3 41. Ke5 h2 42. Kf6 h1=Q 43.
Kxf7 Qf3+ 44. Ke7 Qd5 45. Ke8 Qd6 46. b4 Ke3 47. b5 Ke4 48. bxc6 bxc6 49.
a4 Ke5 50. a5 Ke6 51. a6 Qe7# { White checkmated } 0-1

[Event "ICC tourney 2516 (60 10)"]
[Site "Internet Chess Club"]
[Date "2021.04.17"]
[Round "1"]
[White "WEYMAN, GRANT A:grantwey"]
[Black "ROWLAND, NIKOLAS:ridikulous"]
[Result "1-0"]
[ICCResult "Black checkmated"]
[WhiteElo "669"]
[BlackElo "1029"]
[Opening "Giuoco Piano"]
[ECO "C54"]
[NIC "IG.02"]
[Time "10:01:54"]
[PlyCount "103"]
[TimeControl "3600+10"]

1. e4 e5 2. Nf3 Nc6 3. Bc4 Bc5 4. c3 Nf6 5. d4 exd4 6. cxd4 Bb4+ 7. Bd2
Bxd2+ 8. Nbxd2 d5 9. exd5 Nxd5 10. h3 O-O 11. O-O b6 12. Bb5 Bb7 13. Rc1
Nce7 14. Re1 c6 15. Bc4 b5 16. Bxd5 cxd5 17. Nb3 Rc8 18. Rxc8 Bxc8 19. Nc5
Nf5 20. Qd3 Nd6 21. b3 Nb7 22. Nxb7 Bxb7 23. Qxb5 Qc7 24. Qe8 Bc6 25. Qe2
Qb6 26. Rc1 Re8 27. Qc2 Bb7 28. Ng5 Qh6 29. Nf3 f5 30. Ne5 g5 31. Qc7 Rc8
32. Qf7+ Kh8 33. Rxc8+ Bxc8 34. Qe8+ Kg7 35. Qxc8 Qh5 36. Qd7+ Kf6 37. Qd8+
Ke6 38. Qg8+ Kf6 39. g4 Qg6 40. Nxg6 hxg6 41. Qf8+ Ke6 42. gxf5+ gxf5 43.
Qh6+ Kf7 44. Qxg5 f4 45. Qxf4+ Kg6 46. h4 a5 47. Qg5+ Kh7 48. h5 a4 49.
Qf5+ Kh8 50. h6 a3 51. Qf6+ Kh7 52. Qg7# { Black checkmated } 1-0

[Event "ICC tourney 2516 (60 10)"]
[Site "Internet Chess Club"]
[Date "2021.04.17"]
[Round "1"]
[White "SLABIN, LEO:LeoNYC"]
[Black "Vostrikova, Maya:MayaVostrikova"]
[Result "1-0"]
[ICCResult "Black checkmated"]
[WhiteElo "1004"]
[BlackElo "593"]
[Opening "Sicilian: Alapin's variation (2.c3)"]
[ECO "B22"]
[NIC "SI.46"]
[Time "10:01:49"]
[PlyCount "111"]
[TimeControl "3600+10"]

1. e4 c5 2. c3 e6 3. d4 d5 4. exd5 exd5 5. Nf3 Nf6 6. Bg5 Be7 7. Bd3 Nc6 8.
Nbd2 O-O 9. O-O Bg4 10. h3 Be6 11. Nb3 c4 12. Ne5 cxd3 13. Nxc6 bxc6 14.
Qxd3 Ne4 15. Bxe7 Qxe7 16. Qa6 Qg5 17. Kh1 Rfc8 18. Rae1 Nd2 19. Nxd2 Qxd2
20. Rb1 Bf5 21. Rfd1 Qxf2 22. Rf1 Qh4 23. Rxf5 Re8 24. Rff1 h6 25. Qxc6
Rad8 26. Qa6 Rd7 27. Qd3 Qe4 28. Qxe4 dxe4 29. Rfe1 e3 30. Re2 Rde7 31.
Rbe1 f5 32. d5 f4 33. Kh2 Rd7 34. g3 Rxd5 35. gxf4 Rd2 36. Rxd2 exd2 37.
Rxe8+ Kf7 38. Rd8 g5 39. fxg5 hxg5 40. Rxd2 Kf6 41. c4 Kf5 42. c5 Ke4 43.
c6 Ke3 44. Rd8 Kf4 45. c7 g4 46. hxg4 Kxg4 47. c8=Q+ Kf4 48. Rf8+ Ke3 49.
Qe6+ Kd3 50. Rd8+ Kc2 51. Qc4+ Kb1 52. Rd1+ Kxb2 53. Rc1 a5 54. Qc3+ Kxa2
55. Rc2+ Kb1 56. Qb2# { Black checkmated } 1-0

[Event "ICC tourney 2516 (60 10)"]
[Site "Internet Chess Club"]
[Date "2021.04.17"]
[Round "1"]
[White "ROHRS, SOPHIE:RainbowQueen"]
[Black "DUNIKOV, DAVID EUGENE:DavidNest"]
[Result "0-1"]
[ICCResult "White checkmated"]
[WhiteElo "809"]
[BlackElo "1230"]
[Opening "QP counter-gambit (elephant gambit)"]
[ECO "C40"]
[NIC "KP.10"]
[Time "10:01:44"]
[PlyCount "86"]
[TimeControl "3600+10"]

1. e4 e5 2. Nf3 d5 3. exd5 e4 4. Nd4 Qxd5 5. c3 Bc5 6. Nc2 Bf5 7. Be2 Nf6
8. c4 Qd8 9. Nc3 O-O 10. O-O Nc6 11. Ne3 Be6 12. b3 Bd4 13. Qc2 Nb4 14. Qb2
Be5 15. a3 Nd3 16. Qc2 Nf4 17. Bb2 Bxc3 18. dxc3 Qd7 19. Rfd1 Qe7 20. b4
Rad8 21. c5 N6d5 22. Nf1 Qg5 23. Ng3 e3 24. f3 h5 25. Bf1 h4 26. Ne2 Nh3+
27. Kh1 Nf2+ 28. Kg1 Nxd1 29. Rxd1 Nf4 30. Re1 Rd2 31. Qc1 Nd3 32. Qb1 Nxe1
33. Qxe1 Rxb2 34. Qc1 Rd2 35. Nd4 Bc4 36. Qe1 Re8 37. g3 hxg3 38. hxg3 e2
39. Bg2 Rd1 40. Nc2 Rxe1+ 41. Nxe1 Qxg3 42. Nc2 e1=Q+ 43. Nxe1 Rxe1# {
White checkmated } 0-1

[Event "ICC tourney 2516 (60 10)"]
[Site "Internet Chess Club"]
[Date "2021.04.17"]
[Round "1"]
[White "HEMLOCK, SEBASTIAN KOH:SKH2011"]
[Black "JUTRAS, ARNAUD:arnaudjutras"]
[Result "0-1"]
[ICCResult "White checkmated"]
[WhiteElo "777"]
[BlackElo "1150"]
[Opening "Caro-Kann: exchange, Rubinstein variation"]
[ECO "B13"]
[NIC "CK.02"]
[Time "10:01:49"]
[PlyCount "146"]
[TimeControl "3600+10"]

1. e4 c6 2. d4 d5 3. exd5 cxd5 4. Bd3 Nc6 5. c3 Nf6 6. Bf4 Bg4 7. Nf3 e6 8.
Nbd2 Bd6 9. Bg3 O-O 10. Qc2 Rc8 11. Ne5 Bxe5 12. dxe5 Nd7 13. Bxh7+ Kh8 14.
Bd3 Ncxe5 15. Bb5 Bf5 16. Qa4 a6 17. Bxd7 Nxd7 18. Nf3 Nc5 19. Qa3 Nd3+ 20.
Ke2 Nc5 21. Qb4 b5 22. Qh4+ Qxh4 23. Nxh4 Bh7 24. Bd6 Rfd8 25. Bxc5 Rxc5
26. Nf3 Rc4 27. Kd2 Rdc8 28. Ne5 Rf4 29. Ke3 Re4+ 30. Kf3 Rxe5 31. Rhe1
Rxe1 32. Rxe1 Rc4 33. Re3 Re4 34. Rxe4 Bxe4+ 35. Kg3 Kh7 36. f3 Bf5 37. Kf4
f6 38. g4 Bg6 39. Ke3 e5 40. f4 Kh6 41. fxe5 fxe5 42. h4 Be4 43. b3 Kg6 44.
a3 Bc2 45. b4 Bb3 46. Kd2 Kf6 47. Kd3 Bc4+ 48. Ke3 g6 49. Kd2 Bb3 50. Ke3
Bd1 51. g5+ Kf5 52. Kd2 Bh5 53. Ke3 Kg4 54. Kf2 Kxh4 55. Kg2 Kxg5 56. Kg3
Kf5 57. Kf2 Ke4 58. Ke1 Kd3 59. c4 dxc4 60. a4 bxa4 61. b5 axb5 62. Kf1 a3
63. Kf2 a2 64. Kg2 a1=Q 65. Kg3 Qe1+ 66. Kg2 b4 67. Kh2 b3 68. Kg2 b2 69.
Kh2 Qf2+ 70. Kh3 Qf3+ 71. Kh2 Bg4 72. Kg1 b1=Q+ 73. Kh2 Qbh1# { White
checkmated } 0-1

[Event "ICC tourney 2516 (60 10)"]
[Site "Internet Chess Club"]
[Date "2021.04.17"]
[Round "1"]
[White "SEN, SAMANT ROBERT:srsmv"]
[Black "Hu, Ruyi:Ruyi"]
[Result "1-0"]
[ICCResult "Black checkmated"]
[WhiteElo "1223"]
[BlackElo "791"]
[Opening "Ruy Lopez: old Steinitz defense"]
[ECO "C62"]
[NIC "RL.02"]
[Time "10:01:38"]
[PlyCount "61"]
[TimeControl "3600+10"]

1. e4 e5 2. Nf3 Nc6 3. Bb5 d6 4. d4 exd4 5. Nxd4 Bd7 6. Nxc6 Bxc6 7. Bxc6+
bxc6 8. O-O Be7 9. Nc3 Nf6 10. Bf4 O-O 11. Qf3 Qd7 12. Rfd1 Rab8 13. e5 Ng4
14. h3 Nh6 15. exd6 cxd6 16. Ne4 Rxb2 17. Nxd6 Rxc2 18. Nxf7 Qe6 19. Nxh6+
gxh6 20. Re1 Qf6 21. Qb3+ Rf7 22. Qxc2 Qxf4 23. Re4 Qf5 24. Rae1 Rg7 25.
Qc4+ Kf8 26. Rf4 Rf7 27. Rxf5 Rxf5 28. Qe6 Rf6 29. Qxe7+ Kg8 30. Qxf6 c5
31. Re8# { Black checkmated } 1-0

[Event "ICC tourney 2516 (60 10)"]
[Site "Internet Chess Club"]
[Date "2021.04.17"]
[Round "1"]
[White "Burton, Charles:NiceTractor"]
[Black "Peng, Terence:terecepps11"]
[Result "1-0"]
[ICCResult "Black resigns"]
[WhiteElo "989"]
[BlackElo "496"]
[Opening "Caro-Kann: exchange variation"]
[ECO "B13"]
[NIC "CK.02"]
[Time "10:02:02"]
[PlyCount "71"]
[TimeControl "3600+10"]

1. e4 c6 2. d4 d5 3. exd5 cxd5 4. Nc3 Nf6 5. Nf3 Nc6 6. Bb5 e6 7. Ne5 Bd7
8. O-O Bd6 9. Nxc6 Bxc6 10. Bxc6+ bxc6 11. Bg5 O-O 12. Qf3 Be7 13. Rfe1 h6
14. Bh4 Nh7 15. Bxe7 Qxe7 16. a3 Ng5 17. Qf4 Rab8 18. b4 Ra8 19. b5 cxb5
20. Nxd5 Qd7 21. Ne3 a5 22. c4 Ra7 23. Rab1 bxc4 24. Nxc4 Rfa8 25. Nb6 Qb7
26. Nxa8 Qxa8 27. Rb8+ Qxb8 28. Qxb8+ Kh7 29. Qxa7 Kh8 30. Qxa5 Kg8 31. h3
Kh8 32. d5 Kg8 33. d6 f6 34. d7 Nf7 35. Rxe6 Kh7 36. Re7 { Black resigns }
1-0

[Event "ICC tourney 2516 (60 10)"]
[Site "Internet Chess Club"]
[Date "2021.04.17"]
[Round "1"]
[White "TIENG, JONATHAN:GawGaw314"]
[Black "BANDREDDI, AARUSH:AarushB"]
[Result "1-0"]
[ICCResult "Black resigns"]
[WhiteElo "1320"]
[BlackElo "876"]
[Opening "Sicilian: accelerated fianchetto, modern variation with Bc4"]
[ECO "B35"]
[NIC "SI.34"]
[Time "10:01:50"]
[PlyCount "97"]
[TimeControl "3600+10"]

1. e4 c5 2. Nf3 Nc6 3. d4 cxd4 4. Nxd4 Nf6 5. Nc3 g6 6. Be3 Bg7 7. Bc4 O-O
8. f3 Qb6 9. Bb3 Nxe4 10. fxe4 Nxd4 11. Na4 Nxc2+ 12. Qxc2 Qxe3+ 13. Qe2
Qxe2+ 14. Kxe2 d6 15. h3 Bd7 16. Nc3 Rac8 17. Rac1 Bh6 18. Rcd1 Bg7 19. Rc1
h5 20. Nd5 Bb5+ 21. Kf3 Bf6 22. Nxf6+ exf6 23. Rhd1 Rxc1 24. Rxc1 Re8 25.
Rc7 Kh8 26. Bxf7 Re5 27. Bxg6 Bc6 28. Rh7+ Kg8 29. Kf4 Rg5 30. Rxh5 Rxg6
31. g4 Kg7 32. h4 Rh6 33. Rxh6 Kxh6 34. Kf5 Bd7+ 35. Kxf6 Bxg4 36. Ke7 Kh5
37. Kxd6 Kxh4 38. e5 b5 39. e6 Bh5 40. Kc7 Bg4 41. e7 Bh5 42. Kd8 Kg4 43.
e8=Q Bxe8 44. Kxe8 Kf4 45. Kd7 Ke4 46. Kc6 b4 47. Kb5 Kd5 48. Kxb4 a6 49.
Ka5 { Black resigns } 1-0

[Event "ICC tourney 2516 (60 10)"]
[Site "Internet Chess Club"]
[Date "2021.04.17"]
[Round "1"]
[White "WANG, CONNOR JUNDA:czw1"]
[Black "VARMA, ANAY:anayvarma"]
[Result "1-0"]
[ICCResult "Black checkmated"]
[WhiteElo "1359"]
[BlackElo "879"]
[Opening "Scotch: Potter variation"]
[ECO "C45"]
[NIC "SO.05"]
[Time "10:01:40"]
[PlyCount "115"]
[TimeControl "3600+10"]

1. e4 e5 2. Nf3 Nc6 3. d4 exd4 4. Nxd4 Bc5 5. Nb3 Bb6 6. Nc3 Nf6 7. Qe2 Ne5
8. Bg5 h6 9. Bh4 c6 10. O-O-O O-O 11. f3 Ng6 12. Bf2 Nf4 13. Qd2 Qc7 14.
Bxb6 axb6 15. g3 Ne6 16. f4 b5 17. a3 c5 18. Bxb5 c4 19. Nd4 Ra5 20. e5 Ng4
21. h3 Nxe5 22. fxe5 Qxe5 23. Nxe6 Qxe6 24. Bxd7 Bxd7 25. Qxd7 Qxd7 26.
Rxd7 b5 27. Rd5 Rb8 28. Rhd1 Kh7 29. Rf1 Kg6 30. Kd2 f6 31. Rff5 Re8 32.
Rxb5 Rd8+ 33. Ke2 Rxb5 34. Rxb5 Re8+ 35. Kf3 Re5 36. Rxe5 fxe5 37. Ke4 Kf6
38. a4 Ke6 39. Nb5 Kd7 40. Kxe5 Kc6 41. b3 cxb3 42. cxb3 Kc5 43. a5 Kxb5
44. b4 Kxb4 45. a6 Kb5 46. a7 Kb6 47. a8=Q Kc7 48. Qe8 Kb6 49. Qd7 Kc5 50.
Qe6 g5 51. h4 g4 52. h5 Kb4 53. Qd5 Kc3 54. Qe4 Kd2 55. Kd4 Kd1 56. Qg2 Ke1
57. Kd3 Kd1 58. Qh1# { Black checkmated } 1-0

[Event "ICC tourney 2516 (60 10)"]
[Site "Internet Chess Club"]
[Date "2021.04.17"]
[Round "1"]
[White "Cheng, Samuel:Samuel1001"]
[Black "Deng, Michael:MichaelDeng1224"]
[Result "1-0"]
[ICCResult "Black resigns"]
[WhiteElo "724"]
[BlackElo "1080"]
[Opening "Sicilian: dragon, Yugoslav attack, 10.O-O-O"]
[ECO "B78"]
[NIC "SI.18"]
[Time "10:01:54"]
[PlyCount "101"]
[TimeControl "3600+10"]

1. e4 c5 2. Nf3 d6 3. d4 cxd4 4. Nxd4 Nf6 5. Nc3 g6 6. Be3 Bg7 7. f3 O-O 8.
Bc4 Nc6 9. Qd2 Bd7 10. O-O-O Rc8 11. Bb3 Na5 12. h4 e5 13. Nde2 Nxb3+ 14.
cxb3 Bb5 15. Rhe1 Qa5 16. Kb1 Rfd8 17. g4 Bxe2 18. Rxe2 a6 19. Bh6 Qc7 20.
Bxg7 Kxg7 21. h5 Rh8 22. h6+ Kf8 23. Qg5 Qe7 24. f4 exf4 25. Qxf4 Qe5 26.
Qf3 Qg5 27. Rf1 Ke7 28. Nd5+ Nxd5 29. Qxf7+ Kd8 30. exd5 Rc7 31. Qg7 Rxg7
32. hxg7 Rg8 33. Rf8+ Kd7 34. Rxg8 Qf6 35. Ree8 Qf1+ 36. Kc2 Qg2+ 37. Kc3
Qg3+ 38. Kb4 Qf4+ 39. Ka3 a5 40. Rd8+ Kc7 41. Rc8+ Kb6 42. Rc4 Qf7 43. Rc6+
Ka7 44. Ra8+ Kxa8 45. Rc8+ Ka7 46. g8=Q Qf2 47. Ra8+ Kb6 48. Qd8+ Kc5 49.
Rxa5+ Kd4 50. Qb6+ Kd3 51. Qxf2 { Black resigns } 1-0

[Event "ICC tourney 2516 (60 10)"]
[Site "Internet Chess Club"]
[Date "2021.04.17"]
[Round "1"]
[White "TIPPA, ASWATH SRISAI:IGMin2023"]
[Black "GUTTMAN, JACK MAVERICK:Bg71"]
[Result "1/2-1/2"]
[ICCResult "Game drawn by repetition"]
[WhiteElo "865"]
[BlackElo "1309"]
[Opening "Caro-Kann: exchange variation"]
[ECO "B13"]
[NIC "CK.02"]
[Time "10:01:49"]
[PlyCount "86"]
[TimeControl "3600+10"]

1. e4 c6 2. d4 d5 3. exd5 cxd5 4. Nf3 Nc6 5. Nc3 Bg4 6. Be2 e6 7. O-O Nf6
8. Bg5 Be7 9. h3 Bh5 10. Bb5 Nd7 11. Bxe7 Qxe7 12. Be2 O-O 13. Nh2 Bxe2 14.
Nxe2 Nb6 15. c3 Rac8 16. Nf4 Nc4 17. Rb1 Nd6 18. Qg4 Nf5 19. Nf3 Rfd8 20.
Ng5 g6 21. b4 b5 22. Rfe1 Rd6 23. Rb3 Nb8 24. Re5 Nd7 25. Rxf5 exf5 26. Qg3
Nf6 27. Rb1 Ne4 28. Nxe4 fxe4 29. Qg4 f5 30. Qg3 Qf7 31. Nh5 Rdc6 32. Rc1
Qc7 33. Qg5 Rxc3 34. Nf6+ Kg7 35. Nh5+ Kf8 36. Qf6+ Qf7 37. Rxc3 Rxc3 38.
Qd8+ Qe8 39. Qf6+ Qf7 40. Qd8+ Qe8 41. Qf6+ Qf7 42. Qd8+ Qe8 43. Qf6+ Qf7 {
Game drawn by repetition } 1/2-1/2

[Event "ICC tourney 2516 (60 10)"]
[Site "Internet Chess Club"]
[Date "2021.04.17"]
[Round "1"]
[White "Wong, Kai Hei:kaiw49"]
[Black "LIAO, CONNOR:che2468"]
[Result "0-1"]
[ICCResult "White checkmated"]
[WhiteElo "917"]
[BlackElo "1488"]
[Opening "Sicilian: closed"]
[ECO "B23"]
[NIC "SI.44"]
[Time "10:01:56"]
[PlyCount "106"]
[TimeControl "3600+10"]

1. e4 c5 2. Nc3 d6 3. Bc4 Nc6 4. Nf3 Nf6 5. d3 Bd7 6. O-O a6 7. Re1 e5 8.
Bg5 h6 9. Bh4 Be7 10. Qd2 O-O 11. h3 Be6 12. Rad1 b5 13. Bxe6 fxe6 14. a3
Nd4 15. Re3 Nh5 16. Bxe7 Qxe7 17. Nxd4 exd4 18. Ree1 dxc3 19. Qxc3 Qh4 20.
Qd2 Qf4 21. Qxf4 Nxf4 22. g3 Nxh3+ 23. Kg2 Nxf2 24. Rd2 Ng4 25. b4 cxb4 26.
axb4 d5 27. exd5 exd5 28. d4 Rae8 29. Rde2 Rxe2+ 30. Rxe2 Kf7 31. Kf3 Nf6
32. Re5 Re8 33. Rxe8 Nxe8 34. Kf4 Ke6 35. g4 g6 36. g5 h5 37. c3 Nd6 38.
Kg3 Ne4+ 39. Kf4 Nxc3 40. Ke3 Kf5 41. Kd3 Ne4 42. Ke3 h4 43. Kf3 h3 44. Ke2
h2 45. Kd3 h1=Q 46. Kc2 Qg2+ 47. Kb3 Qf3+ 48. Kb2 Qe2+ 49. Kb3 Qd3+ 50. Kb2
Qc3+ 51. Kb1 Nd2+ 52. Ka2 Qc2+ 53. Ka3 Qb3# { White checkmated } 0-1

[Event "ICC tourney 2516 (60 10)"]
[Site "Internet Chess Club"]
[Date "2021.04.17"]
[Round "1"]
[White "ASSELTA, SCARLETT:SRA0612"]
[Black "ACEVEDO HERNANDEZ, KEYLA:NYHernandez"]
[Result "0-1"]
[ICCResult "White checkmated"]
[WhiteElo "859"]
[BlackElo "1258"]
[Opening "Sicilian: accelerated fianchetto, modern variation with Bc4"]
[ECO "B35"]
[NIC "SI.33"]
[Time "10:01:55"]
[PlyCount "144"]
[TimeControl "3600+10"]

1. e4 c5 2. Nf3 Nc6 3. d4 cxd4 4. Nxd4 g6 5. Nc3 Bg7 6. Be3 Nf6 7. Bc4 O-O
8. Qd2 Ng4 9. Nb3 Nxe3 10. Qxe3 d6 11. O-O-O Ne5 12. Be2 Be6 13. Nd2 b6 14.
f4 Bh6 15. h3 Rc8 16. g4 Nc4 17. Bxc4 Bxc4 18. Nxc4 Rxc4 19. g5 Bg7 20. e5
Qc7 21. Rhe1 dxe5 22. fxe5 Rc5 23. Rd5 Rxd5 24. Nxd5 Qd7 25. Rd1 Qe6 26.
Qd3 Qxe5 27. c3 Qxg5+ 28. Kb1 e6 29. Nb4 Qf5 30. Qxf5 exf5 31. Nd5 Re8 32.
Nc7 Rc8 33. Nd5 Kf8 34. Re1 g5 35. Rf1 f4 36. h4 h6 37. hxg5 hxg5 38. Rg1
f3 39. Rxg5 f2 40. Rf5 Rd8 41. Ne3 Rd2 42. Kc1 Re2 43. Rf3 Bh6 44. Kd1 Re1+
45. Kc2 Bxe3 46. Kd3 f1=Q+ 47. Rxf1 Rxf1 48. Kxe3 Ke7 49. Ke4 Rf2 50. Ke3
Rxb2 51. a4 Ra2 52. Kf4 Rxa4+ 53. Kf5 Rc4 54. Ke5 Rxc3 55. Kd5 b5 56. Kd4
b4 57. Kd5 b3 58. Kd4 b2 59. Kxc3 b1=Q 60. Kd2 f5 61. Ke3 Qc2 62. Kf4 Qd3
63. Kg5 f4 64. Kg4 Qg3+ 65. Kf5 f3 66. Ke4 f2 67. Kd5 f1=Q 68. Kd4 Qfd3+
69. Kc5 Qge3+ 70. Kc6 Qc3+ 71. Kb5 Qec5+ 72. Ka4 Q5b4# { White checkmated }
0-1

[Event "ICC tourney 2516 (60 10)"]
[Site "Internet Chess Club"]
[Date "2021.04.17"]
[Round "2"]
[White "PRASERTSOM, AUGUST SAHARAT:August2012"]
[Black "TIENG, JONATHAN:GawGaw314"]
[Result "0-1"]
[ICCResult "White checkmated"]
[WhiteElo "1013"]
[BlackElo "1320"]
[Opening "Sicilian: accelerated fianchetto, exchange variation"]
[ECO "B34"]
[NIC "SI.33"]
[Time "13:17:53"]
[PlyCount "30"]
[TimeControl "3600+10"]

1. e4 c5 2. Nf3 Nc6 3. d4 cxd4 4. Nxd4 g6 5. Nxc6 bxc6 6. Nc3 Bg7 7. Bd3 d5
8. exd5 cxd5 9. O-O Nf6 10. Bb5+ Bd7 11. Bxd7+ Qxd7 12. Be3 O-O 13. Qe2 Ng4
14. Qb5 Qd6 15. Qxd5 Qxh2# { White checkmated } 0-1

[Event "ICC tourney 2516 (60 10)"]
[Site "Internet Chess Club"]
[Date "2021.04.17"]
[Round "2"]
[White "GUTTMAN, JACK MAVERICK:Bg71"]
[Black "PRYYMAK, DAVID:SABHDavidP"]
[Result "1-0"]
[ICCResult "Black resigns"]
[WhiteElo "1309"]
[BlackElo "206"]
[Opening "Queen's pawn"]
[ECO "A40"]
[NIC "QO.17"]
[Time "13:18:46"]
[PlyCount "55"]
[TimeControl "3600+10"]

1. d4 e6 2. Bf4 d6 3. e3 e5 4. dxe5 dxe5 5. Qxd8+ Kxd8 6. Bxe5 f6 7. Bg3
Nh6 8. Nc3 Nf5 9. O-O-O+ Bd7 10. Nf3 Bb4 11. Nd5 c6 12. Nxb4 a5 13. Nd3 Be6
14. Nc5+ Nd7 15. Nxe6+ Ke7 16. Ned4 Nd6 17. Bxd6+ Kxd6 18. g3 Nc5 19. Nb3+
Ke7 20. Nxc5 Rad8 21. Rxd8 Rxd8 22. Nxb7 Rb8 23. Nxa5 Ra8 24. Nxc6+ Kd7 25.
Nb4 Ra4 26. Bb5+ Kd6 27. Bxa4 Kc5 28. c3 { Black resigns } 1-0

[Event "ICC tourney 2516 (60 10)"]
[Site "Internet Chess Club"]
[Date "2021.04.17"]
[Round "2"]
[White "BADAWI, JUDE:Judebestgm"]
[Black "KYRIACOU, ARIS:AriWinsU"]
[Result "1-0"]
[ICCResult "Black checkmated"]
[WhiteElo "732"]
[BlackElo "962"]
[Opening "Scandinavian (center counter) defense"]
[ECO "B01"]
[NIC "VO.17"]
[Time "13:18:04"]
[PlyCount "47"]
[TimeControl "3600+10"]

1. e4 d5 2. Nc3 d4 3. Nce2 e5 4. Nf3 f6 5. Ng3 Nc6 6. Bb5 Bd7 7. d3 a6 8.
Bc4 Bb4+ 9. Bd2 Nge7 10. Bxb4 Nxb4 11. a3 Nbc6 12. h3 Na5 13. Bb3 b5 14.
O-O Nb7 15. Nf5 Nxf5 16. exf5 Bxf5 17. Nh4 Bd7 18. Bd5 Rb8 19. Qf3 Nd6 20.
Qh5+ Kf8 21. Ng6+ Ke8 22. Nxh8+ Kf8 23. Qxh7 Ne8 24. Ng6# { Black
checkmated } 1-0

[Event "ICC tourney 2516 (60 10)"]
[Site "Internet Chess Club"]
[Date "2021.04.17"]
[Round "2"]
[White "XIE, KEVIN:kevinxps10"]
[Black "Smith-Wang, Calder:chowchowchess"]
[Result "1-0"]
[ICCResult "Black checkmated"]
[WhiteElo "1081"]
[BlackElo "590"]
[Opening "Scandinavian (center counter) defense"]
[ECO "B01"]
[NIC "SD.02"]
[Time "13:17:55"]
[PlyCount "75"]
[TimeControl "3600+10"]

1. e4 d5 2. exd5 Qxd5 3. Nc3 Qd8 4. Nf3 Nf6 5. Bc4 a6 6. d4 b5 7. Bb3 c5 8.
dxc5 Qxd1+ 9. Kxd1 Bb7 10. Be3 e6 11. Ke2 Ng4 12. h3 Nxe3 13. fxe3 Bxc5 14.
Rad1 O-O 15. Kf2 Nc6 16. Rd7 Bc8 17. Rc7 Ne5 18. Rxc5 Nxf3 19. gxf3 Rd8 20.
Re1 Rd2+ 21. Re2 Rd8 22. Rg5 Ra7 23. Ne4 h6 24. Rg2 f5 25. Nc5 Rc7 26.
Bxe6+ Kh7 27. Bxc8 Rcxc8 28. Nxa6 Rc6 29. Nb4 Rc4 30. a3 Ra8 31. Rd2 f4 32.
e4 Ra4 33. Rd7 Rxc2+ 34. Nxc2 Rc4 35. Ne1 Rc1 36. Rdxg7+ Kh8 37. Rg8+ Kh7
38. R2g7# { Black checkmated } 1-0